 Dungeon Crawl Stone Soup version 0.31.0-9-g3a7656b989 (webtiles) character file.

Game seed: 16975172941783409900

35 qw the Shooter (level 3, -2/20 HPs)
             Began as a Deep Elf Hunter on Feb 3, 2024.
             Slain by an adder (3 damage)
             ... on level 2 of the Dungeon.
             The game lasted 00:00:31 (1115 turns).

qw the Shooter (Deep Elf Hunter)                    Turns: 1115, Time: 00:00:32

Health: -2/20      AC:  6    Str: 10    XL:     3   Next: 17%
Magic:  5/5        EV:  9    Int: 13    God:
Gold:   42         SH:  0    Dex: 18    Spells: 2/2 levels left

rFire   . . .        a - +0 shortbow
rCold   . . .        (shield currently unavailable)
rNeg    . . .        e - +0 scale mail
rPois   .            (no helmet)
rElec   .            (no cloak)
rCorr   .            (no gloves)
SInv    .            (no boots)
Will    .....        (no amulet)
Stlth   +            (no ring)
HPRegen 0.23/turn    (no ring)
MPRegen 0.09/turn

%: no passive effects
@: lethally poisoned (-2 -> -6)
A: no striking features
a: no special abilities


You were on level 2 of the Dungeon.
You visited 1 branch of the dungeon, and saw 2 of its levels.

You collected 42 gold pieces.


   Skills:
 - Level 1.5 Fighting
 + Level 6.8 Ranged Weapons
 - Level 2.4 Dodging
 - Level 1.2 Stealth


You had 2 spell levels left.
You didn't know any spells.
Your spell library was empty.

Inventory:

Hand Weapons
 a - a +0 shortbow (weapon)
Armour
 e - a +0 scale mail (worn)
 j - a +0 pair of gloves
Scrolls
 b - a scroll of fear {unknown}
 d - a scroll of enchant weapon {unknown}
 h - a scroll of brand weapon {unknown}
 i - a scroll of teleportation {unknown}
Potions
 c - a potion of curing {unknown}
 f - a potion of mutation
 g - 2 potions of haste {unknown}

Dungeon Overview and Level Annotations

Branches:
Dungeon (2/15)

Altars:


Message History

The rat squeaks loudly.
An adder comes into view.
You shoot an arrow. The arrow barely misses the rat.
The adder hisses angrily.
You shoot an arrow. The arrow barely misses the rat.
You shoot an arrow. The arrow barely misses the adder.
You shoot an arrow. The arrow misses the adder.
The adder bites you.
You are poisoned.
The adder poisons you!
You shoot an arrow. The arrow closely misses the adder.
You feel sick. The adder bites you but does no damage.
The rat barely misses you.
You shoot an arrow. The arrow closely misses the adder.
You feel sick. The adder bites you but does no damage.
A bat comes into view.
The rat closely misses you. The adder bites you but does no damage.
The rat closely misses you.
The bat moves out of view.
You shoot an arrow. The arrow barely misses the adder.
You feel sick. The adder bites you. The rat closely misses you.
The adder closely misses you.
You shoot an arrow. The arrow hits the adder.
The adder is heavily wounded.
You feel sick. The adder misses you. The rat bites you.
The adder closely misses you.
You shoot an arrow. The arrow misses the adder.
You feel sick.
You are no longer poisoned.
The rat bites you. The adder closely misses you. The rat bites you.
The adder bites you.
You are lethally poisoned!
The adder poisons you!
You shoot an arrow. The arrow closely misses the adder.
You feel very sick. The adder barely misses you.
The rat bites you but does no damage.
You shoot an arrow. The arrow hits the adder.
The adder is heavily wounded.
You feel sick. The adder bites you. The rat bites you but does no damage.
The adder bites you.
You die...

#.######.##.# #..#
#.....## #.#
#.##.#####).###.....#.
#.#
............##...#....
####.#
#.#####.###.##........
#....# #.# ###.#
#.##.......# #.####
#.# #...# #...........
#.# #.# #.###
####.......# ##.# #)#
#.......# ##<# #@#
#.......# ...####
#...rS...# ####.####
..%...#.. ##.......#
#. 8...8...8.
#.......# #.
..#...#... #.........
.. .###.###.#
#.......### #.
..#...#.. #.......# #.
8...8... .. ........#
..#...#....


You could see an adder and a rat.

Vanquished Creatures
  2 dart slugs
  An endoplasm (D:1)
  2 giant cockroaches (D:1)
  A goblin (D:1)
  3 hobgoblins
  6 kobolds
  2 quokkas
  2 ball pythons
  4 bats (D:1)
  3 frilled lizards
  4 rats
30 creatures vanquished.

Notes
Turn   | Place    | Note
-------+----------+-------------------------------------------
     0 | D:1      | qw the Deep Elf Hunter began the quest for the Orb.
     0 | D:1      | Reached XP level 1. HP: 12/12 MP: 3/3
     0 | D:1      | 0 ||| qw: Version: 0.3-a-155-g5e7d8dd
     0 | D:1      | 0 ||| qw: Game counter: 3043
     0 | D:1      | 0 ||| qw: Melee chars always use a shield: true
     0 | D:1      | 0 ||| qw: God list: Okawaru
     0 | D:1      | 0 ||| qw: Allow faded altars: false
     0 | D:1      | 0 ||| qw: Do Orc after clearing Dungeon:15 true
     0 | D:1      | 0 ||| qw: Do second Lair branch before Depths: true
     0 | D:1      | 0 ||| qw: Lair rune preference: random
     0 | D:1      | 0 ||| qw: Goals: Normal
     0 | D:1      | 0 ||| PLANNING D:1-11
     2 | D:1      | Noticed a djinni
     4 | D:1      | Noticed a naga
     6 | D:1      | Noticed a troll
     6 | D:1      | Noticed a human
     8 | D:1      | Noticed a draconian
     8 | D:1      | Noticed a spriggan
    10 | D:1      | Noticed a gargoyle
    10 | D:1      | Noticed an oni
    12 | D:1      | Noticed a demigod
    12 | D:1      | Noticed an armataur
    16 | D:1      | Noticed a minotaur
    16 | D:1      | Noticed a merfolk
    18 | D:1      | Noticed a demonspawn
    20 | D:1      | Noticed a barachi
    20 | D:1      | Noticed a vampire
    22 | D:1      | Noticed a vine stalker
    22 | D:1      | Noticed an octopode
    24 | D:1      | Noticed a felid
    24 | D:1      | Noticed an elf
    26 | D:1      | Noticed a tengu
    28 | D:1      | Noticed a ghoul
    28 | D:1      | Noticed a formicid
   199 | D:1      | Reached XP level 2. HP: 13/16 MP: 4/4
   217 | D:1      | Reached skill level 6 in Ranged Weapons
   735 | D:1      | 735 ||| UPGRADING to +0 scale mail.
   745 | D:1      | 745 ||| DROPPING +0 leather armour.
   746 | D:1      | 746 ||| READING scroll labelled PORPHI REINEBLA.
   747 | D:1      | 747 ||| READING scroll labelled CEMAONT DOER.
   747 | D:1      | 747 ||| IDENTIFYING puce potion
   748 | D:1      | 748 ||| READING scroll labelled KERAAM OSSEE.
   776 | D:1      | 776 ||| READING scroll labelled VEBOUL HUISA.
   777 | D:1      | 777 ||| DROPPING scroll of butterflies.
   891 | D:2      | Reached XP level 3. HP: 13/20 MP: 5/5
  1054 | D:2      | Identified the +8 plate armour "Sissuec" {Harm}
  1114 | D:2      | HP: 3/20 [poisoned by an adder]
  1115 | D:2      | HP: 1/20 [adder (2)]
  1115 | D:2      | Slain by an adder

Levels and vault maps discovered:
D:1:      kb_arrival_jail, layout_basic
D:2:      layout_loops_ring, minmay_misc_feat_four_crosses, uniq_terence

Skill      XL: |  1  2 |
---------------+-------+-----
Ranged Weapons | 6 |  6.8
Fighting       | |  1.5
Dodging        | |  2.4
Stealth        | |  1.2

Action                     || total
---------------------------++-------
   Fire: Shortbow          ||    94
    Use: Scroll            ||     4
 Armour: Leather armour    ||     8
         Scale mail        ||    22
  Dodge: Dodged            ||    20

Table legend:
 A = Non-vault XP
 B = Vault XP
 C = Vault XP percentage of total XP
 D = Non-vault monster count
 E = Vault monster count
 F = Vault count percentage of total count
                 A         B        C        D         E       F
            +---------+---------+-------+---------+---------+-------
      Total |      51 |       0 |   0.0 |      30 |       0 |   0.0
            +---------+---------+-------+---------+---------+-------
        D:1 |      33 |       0 |   0.0 |      20 |       0 |   0.0
        D:2 |      18 |       0 |   0.0 |      10 |       0 |   0.0
            +---------+---------+-------+---------+---------+-------
